Map: Kairos Junction LE

Players

neuro

  • Race: Zerg Zerg
  • League: Master
  • Spawn Location: 5:00

TiAN - Winner!

  • Race: Terran Terran
  • League: Grandmaster
  • Spawn Location: 11:00

VOD

Have the link to the VOD?

Description

Time

  • Played on: Aug. 8, 2019, 12:03 a.m.
  • Length: 11:18
Show
View Real Time Build Order
Export as new Build Order

neuro Zerg 

Build Orders: Hatch First 

Get SALT Encoding   

  12  0:01  Drone  
  13  0:13  Overlord  
  13  0:17  Drone  
  14  0:32  Drone x2  
  16  0:37  Drone  
  17  0:53  Hatchery  
  17  0:55  Drone  
  17  0:57  Drone  
  18  1:08  Extractor  
  17  1:13  Spawning Pool  
  17  1:15  Drone  
  17  1:18  Drone  
  18  1:29  Drone  
  19  1:41  Drone  
  20  1:51  Overlord  
  20  2:00  Queen  
  22  2:04  Queen  
  22  2:05  Zergling x2  
  22  2:07  Zergling x2  
  26  2:16  Hatchery  
  26  2:20  Drone  
  26  2:26  Extractor  
  25  2:30  Drone x3  
  25  2:35  Extractor  
  27  2:39  Drone x2  
  29  2:45  Queen  
  33  2:51  Overlord  
  33  2:56  Metabolic Boost  
  33  3:00  Drone  
  34  3:07  Overlord  
  34  3:09  Drone x3  
  37  3:13  Drone x2  
  39  3:21  Overlord  
  39  3:24  Queen  
  41  3:27  Drone  
  42  3:35  Drone x5  
  47  3:43  Drone x3  
  47  3:46  Drone  
  51  3:50  Queen, Drone  
  54  4:00  Drone x3  
  54  4:01  Drone  
  58  4:14  Evolution Chamber, Overlord x2  
  58  4:16  Queen  
  57  4:17  Evolution Chamber  
  58  4:24  Overlord  
  58  4:33  Zergling x8  
  58  4:34  Zergling x16  
  58  4:35  Queen  
  72  4:43  Queen  
  72  4:45  Zerg Ground Armor Level 1  
  74  4:47  Spore Crawler  
  74  4:48  Zerg Melee Weapons Level 1  
  74  4:49  Drone x2  
  74  4:51  Drone  
  76  4:59  Zergling x12  
  82  5:10  Baneling Nest  
  82  5:11  Zergling x10  
  81  5:15  Overlord x2  
  81  5:16  Overlord  
  80  5:24  Zergling x2  
  68  5:32  Drone x7  
  74  5:36  Drone x3  
  74  5:38  Extractor  
  76  5:44  Zergling x6  
  76  5:45  Queen  
  76  5:48  Lair  
  81  5:51  Spore Crawler  
  81  5:55  Drone  
  81  5:57  Drone x3  
  81  5:58  Hatchery  
  81  6:01  Queen  
  85  6:05  Zergling x8  
  89  6:17  Zergling x14  
  86  6:25  Zergling x6  
  86  6:26  Zergling x2  
  76  6:34  Zergling x14  
  80  6:42  Zergling x8  
  80  6:46  Drone  
  77  6:50  Queen  
  77  6:51  Queen  
  77  6:52  Zerg Ground Armor Level 2  
  78  6:57  Zergling x8  
  79  7:04  Drone x5  
  84  7:19  Centrifical Hooks  
  84  7:20  Zergling x4  
  84  7:21  Zergling x12  
  92  7:34  Zergling x4  
  92  7:35  Zergling x4  
  96  7:38  Baneling x2  
  96  7:42  Zergling x12  
  100  7:47  Hatchery  
  100  7:49  Queen  
  101  7:51  Zergling x6  
  104  7:58  Zerg Melee Weapons Level 2  
  104  8:04  Hatchery  
  101  8:09  Baneling  
  101  8:10  Baneling x3  
  101  8:12  Overlord x3  
  101  8:16  Queen  
  101  8:17  Extractor  
  101  8:18  Queen  
  101  8:19  Extractor  
  103  8:26  Queen  
  102  8:34  Zergling x30  
  108  8:59  Zergling x2  
  108  9:00  Zergling x6  
  108  9:02  Overlord x10  
  112  9:07  Baneling x3  
  112  9:08  Baneling  
  112  9:16  Baneling x3  
  112  9:22  Hatchery  
  111  9:26  Overseer  
  90  9:40  Zergling x30  
  89  9:53  Drone x3  
  92  10:02  Baneling x8  
  81  10:07  Zergling x6  
  78  10:15  Drone x4  
  78  10:17  Drone  
  83  10:23  Infestation Pit  
  76  10:36  Zergling x16  
  76  10:40  Zergling x4  
  82  10:51  Baneling x9  
  82  10:55  Zergling x10  
  82  10:58  Baneling x3  
  82  11:00  Zergling x2  
Show
View Real Time Build Order
Export as new Build Order

TiAN Terran - Winner!

Build Orders: Reaper Expand 

Get SALT Encoding   

  12  0:00  SCV  
  13  0:12  SCV  
  14  0:17  Supply Depot  
  14  0:25  SCV  
  15  0:38  SCV  
  15  0:40  Barracks  
  16  0:44  Refinery  
  16  0:50  SCV  
  17  1:03  SCV  
  18  1:15  SCV  
  19  1:27  Orbital Command, Reaper  
  20  1:41  Command Center  
  20  1:51  Barracks  
  20  1:54  SCV  
  21  2:00  Barracks Reactor  
  21  2:02  Refinery  
  21  2:07  SCV  
  22  2:14  Supply Depot  
  22  2:19  SCV  
  23  2:37  Marine x2  
  23  2:38  Barracks Tech Lab  
  23  2:43  SCV  
  26  2:46  Factory  
  26  2:52  Orbital Command  
  26  2:55  Marine x2, SCV  
  29  3:01  Stimpack  
  29  3:03  Marine  
  30  3:12  SCV  
  31  3:13  Marine x2  
  31  3:18  SCV  
  34  3:23  Marine  
  35  3:28  Supply Depot  
  35  3:30  Starport  
  35  3:31  Factory Reactor  
  35  3:34  Marine x2  
  35  3:36  SCV  
  39  3:41  SCV  
  39  3:42  Marine  
  40  3:50  Supply Depot  
  40  3:51  SCV  
  40  3:52  Marine x2  
  43  3:59  SCV  
  43  4:01  Marine  
  45  4:10  Marine x2  
  45  4:11  SCV  
  45  4:14  Medivac x2  
  52  4:18  Engineering Bay, SCV  
  52  4:19  Engineering Bay  
  52  4:22  Marine  
  54  4:26  Supply Depot  
  54  4:27  SCV  
  54  4:30  Marine  
  56  4:31  Marine  
  56  4:33  SCV  
  58  4:39  Marine  
  58  4:40  SCV  
  60  4:47  Marine  
  60  4:49  Marine, Terran Infantry Armor Level 1, Terran Infantry Weapons Level 1  
  62  4:53  Refinery, SCV  
  62  4:54  Supply Depot  
  62  4:58  Marine  
  62  4:59  SCV  
  65  5:01  Combat Shield  
  65  5:08  Medivac  
  65  5:11  Marine x2  
  69  5:16  Marine  
  58  5:29  Marine x2  
  58  5:31  SCV x2  
  58  5:34  Marine  
  63  5:43  Command Center  
  63  5:46  SCV  
  63  5:47  Barracks x2  
  63  5:49  Barracks  
  64  5:51  Marine  
  64  5:52  Marine  
  64  5:53  SCV  
  64  5:55  Marine  
  68  5:58  Factory Reactor, SCV  
  68  6:03  Medivac x2  
  73  6:05  SCV  
  73  6:09  Refinery  
  74  6:15  Marine x2, Supply Depot  
  75  6:30  SCV x2  
  75  6:33  Marine  
  75  6:34  Marine  
  75  6:36  Barracks Reactor x2  
  75  6:37  Barracks Reactor  
  77  6:46  Marine  
  70  6:47  SCV x2  
  70  6:51  Marine x2  
  70  6:53  Medivac x2  
  76  6:59  SCV x2  
  70  7:01  Orbital Command  
  70  7:05  Marine  
  70  7:07  Widow Mine x2  
  75  7:09  Marine x2  
  75  7:11  SCV x2  
  75  7:15  Marine x5  
  81  7:16  Liberator x2, Armory  
  81  7:19  Orbital Command  
  85  7:23  SCV x2  
  85  7:27  Marine x2  
  85  7:29  Widow Mine x2  
  94  7:31  Marine  
  99  7:41  Marine x2  
  101  7:52  Supply Depot  
  101  7:54  Supply Depot  
  101  8:00  SCV  
  101  8:01  Marine  
  101  8:06  Terran Infantry Weapons Level 2  
  101  8:08  Terran Infantry Armor Level 2  
  101  8:13  Marine x5, SCV x3  
  101  8:15  Marine  
  110  8:21  Marine, Supply Depot  
  110  8:22  Supply Depot  
  110  8:25  SCV  
  111  8:33  Marine  
  111  8:34  Marine  
  103  8:35  Marine x3  
  103  8:36  Marine x2  
  103  8:41  Marine  
  99  8:49  Marine  
  99  8:50  SCV x2  
  99  8:51  Marine x2, SCV  
  99  8:52  Marine  
  99  8:53  Marine x2  
  104  8:59  Marine x3  
  107  9:07  Marine  
  107  9:08  SCV x2  
  107  9:09  Marine x2, SCV  
  113  9:10  Marine x2  
  113  9:12  Marine  
  113  9:16  Marine  
  113  9:17  Marine  
  117  9:19  Widow Mine  
  117  9:20  Widow Mine, SCV x2  
  117  9:22  Marine  
  117  9:23  Refinery  
  125  9:24  Refinery  
  125  9:25  Marine, Command Center  
  125  9:27  Marine  
  127  9:35  Marine  
  127  9:38  SCV x2  
  124  9:41  Marine x3  
  124  9:45  Marine x2  
  127  9:46  Marauder  
  127  9:47  Marine  
  132  9:54  Marine  
  133  10:04  Supply Depot, Marine  
  133  10:05  Supply Depot x2  
  133  10:06  Supply Depot  
  124  10:09  Marine, Marauder  
  124  10:13  Marine x2  
  124  10:14  Marine x4  
  112  10:17  Widow Mine x2  
  112  10:18  SCV x3  
  121  10:22  Marine  
  121  10:26  Marine  
  123  10:30  Marine  
  123  10:31  Marine  
  123  10:32  Marine  
  123  10:33  Marine, Barracks  
  123  10:34  Barracks  
  123  10:35  Marine x2, Barracks  
  127  10:39  Marine x2  
  131  10:44  Marine  
  131  10:48  Marauder  
  131  10:49  Marine  
  127  10:50  SCV x3  
  127  10:56  Marine  
  131  10:57  Marine  
  131  10:58  Marine  
Tags
 
Add a new tag
Caveats
  • Supply blocks, unpowered buildings, or Contaminate may cause inaccurate times.
  • Supply counts are checked every 10 seconds.